 Dungeon Crawl Stone Soup version 0.23.0 (webtiles) character file.

Game seed: 12867327539267316875

32 Folque the Chiller (level 3, -3/26 HPs)
             Began as a Demonspawn Ice Elementalist on Feb 13, 2019.
             Killed from afar by a dart slug (5 damage)
             ... with a slug dart
             ... on level 1 of the Dungeon.
             The game lasted 00:06:52 (1479 turns).

Folque the Chiller (Demonspawn Ice Elementalist)    Turns: 1479, Time: 00:06:54

Health: -3/26      AC:  2    Str:  8    XL:     3   Next: 8%
Magic:  0/6        EV: 12    Int: 17    God:
Gold:   44         SH:  0    Dex: 13    Spells: 3/6 levels left

rFire    . . .     SeeInvis .   d - +0 dagger
rCold    . . .     Gourm    .   (no shield)
rNeg     . . .     Faith    .   a - +0 robe
rPois    .         Spirit   .   (helmet restricted)
rElec    .         Reflect  .   (no cloak)
rCorr    .         Harm     .   (no gloves)
MR       .....                  (no boots)
Stlth    ++........             (no amulet)
HPRegen  0.08/turn              (no ring)
MPRegen  0.10/turn              (no ring)

@: very slightly contaminated
A: antennae 2
a: no special abilities


You were on level 1 of the Dungeon.
You were not hungry.

You visited 1 branch of the dungeon, and saw 2 of its levels.

You collected 44 gold pieces.

Inventory:

Hand Weapons
 d - a +0 dagger (weapon)
Armour
 a - a +0 robe (worn)
Jewellery
 f - an uncursed amulet of regeneration {unknown}
Potions
 e - a potion of degeneration {unknown}
 g - 2 potions of magic {unknown}
Comestibles
 c - 3 rations


   Skills:
 + Level 1.3 Fighting
 - Level 1.7 Dodging
 - Level 1.7 Stealth
 + Level 2.4 Spellcasting
 - Level 1.0 Conjurations
 + Level 3.2 Ice Magic


You had 3 spell levels left.
You knew the following spells:

 Your Spells              Type           Power        Failure   Level  Hunger
a - Freeze                Ice            ##..         4%          1    #......
b - Throw Frost           Conj/Ice       #.....       12%         2    ##.....

Your spell library contained the following spells:

 Spells                   Type           Power        Failure   Level  Hunger
 Ozocubu's Armour         Chrm/Ice       #.......     28%         3    ###....
 Throw Icicle             Conj/Ice       #.......     61%         4    #####..
 Summon Ice Beast         Ice/Summ       #.......     67%         4    #####..


Dungeon Overview and Level Annotations

Branches:
Dungeon (2/15)

Altars:


Innate Abilities, Weirdness & Mutations

You have a pair of antennae on your head.


Message History

You are very lightly contaminated with residual magic.
Nothing appears to happen.
The dart slug bites you but does no damage.
You hit the dart slug but do no damage. You hit the dart slug but do no damage.
The dart slug misses you.
You hit the dart slug.
The dart slug is moderately wounded.
The dart slug barely misses you.
You hit the dart slug but do no damage.
The dart slug is moderately wounded.
Casting: Freeze (safe; 4% risk of failure)
Confirm with . or Enter, or press ? or * to list all spells.
Aiming: Freeze (safe; 4% risk of failure)
Press: ? - help, Shift-Dir - straight line, f/p - dart slug
Aim: a dart slug (moderately wounded, clinging)
You freeze the dart slug.
The dart slug is heavily wounded.
The dart slug launches a dart at you. The slug dart hits you.
You die...

###### ### .....# #.# ..##.#
#.# ### ..##.#####.#####.###
.............>...#.#
.................#.#
.........[.##...w..#
...#.#.....##..#w#.#
...#.#.....##..#@#.#
...#.#.....##..#.#.#
+#'#+#.#+#.##..#.#.#
.........#.....#.#.###
......(.......##.....#
...................#.#######
........############.......#
........# #.######.#####^#
........# #.........# #.#


You could see a worm and a dart slug.

Vanquished Creatures
  A leopard gecko (D:1)
  2 ball pythons
  2 bats
  7 giant cockroaches
  4 goblins
  2 hobgoblins (D:1)
  3 kobolds (D:1)
  4 frilled lizards
  3 rats
28 creatures vanquished.

Notes
Turn   | Place    | Note
-------+----------+-------------------------------------------
     0 | D:1      | Folque the Demonspawn Ice Elementalist began the quest for
                  | the Orb.
     0 | D:1      | Reached XP level 1. HP: 13/13 MP: 3/3
   337 | D:1      | Reached skill level 3 in Ice Magic
   352 | D:1      | Gained mutation: You have a pair of small antennae on your
                  | head. [demonic ancestry]
   352 | D:1      | Reached XP level 2. HP: 20/20 MP: 5/5
   356 | D:1      | Learned a level 2 spell: Throw Frost
   792 | D:1      | Reached skill level 1 in Fighting
  1218 | D:2      | Gained mutation: You have a pair of antennae on your head.
                  | [demonic ancestry]
  1218 | D:2      | Reached XP level 3. HP: 22/26 MP: 4/6
  1466 | D:2      | HP: 1/26 [dart slug (2)]
  1479 | D:1      | Killed from afar by a dart slug

Skill      XL: |  1  2 |
---------------+-------+-----
Ice Magic      | 3 |  3.2
Fighting       | 1 |  1.3
Dodging        | |  1.7
Stealth        | |  1.7
Spellcasting   | |  2.4
Conjurations   | |  1.0

Action                   || total
-------------------------++-------
Melee: Unarmed           ||    11
       Dagger            ||   112
 Cast: Freeze            ||    31
       Throw Frost       ||     1
 Stab: Sleeping          ||     3
  Eat: Chunk             ||     2
Armor: Robe              ||    39
Dodge: Dodged            ||    66
